 Dungeon Crawl Stone Soup version 0.16-a0-2016-gaa1c49c (console) character file.

16972 Hector the Thaumaturge (level 12, -12/51 HPs)
             Began as a Spriggan Conjurer on Nov 8, 2014.
             Was an Initiate of Gozag.
             Engulfed by a cloud of freezing vapour (16 damage)
             ... in an ice cave on Nov 9, 2014.
             The game lasted 02:28:00 (25511 turns).

Hector the Thaumaturge (Spriggan Conjurer)         Turns: 25511, Time: 02:28:00

Health: -12/51     AC:  3    Str:  4    XL:     12   Next: 14%
Magic:  44/44      EV: 21    Int: 20    God:    Gozag
Gold:   2268       SH:  0    Dex: 18    Spells: 10 memorised, 12 levels left

rFire  . . .     SeeInvis +     a - +4 quarterstaff (chaos)
rCold  . . .     Clarity  .     B - +0 robe {rN+}
rNeg   + . .     SustAb   .     (shield restricted)
rPois  .         Gourm    .     (helmet restricted)
rElec  +         Spirit   .     J - +0 cloak
rCorr  .         Warding  .     (gloves unavailable)
rMut   .         Stasis   .     (boots unavailable)
MR     ++...                    (no amulet)
Stlth  ++++......               (no ring)
                                S - ring of magical power

@: very quick, very resistant to hostile enchantments, stealthy
A: unfitting armour, horns 1, see invisible, herbivore 3, speed 3, electricity
resistance, slow metabolism 2, MP-powered wands 1
a: Potion Petition, Call Merchant, Bribe Branch, Renounce Religion


You were in an ice cave.
You worshipped Gozag.
Gozag was noncommittal.
You were not hungry.

You visited 3 branches of the dungeon, and saw 14 of its levels.
You also visited: Ice Cave.

You collected 3285 gold pieces.
You paid 1017 gold pieces to Gozag.

Inventory:

Hand weapons
 a - a +4 quarterstaff of chaos (weapon)
 j - a +0 hunting sling
 q - a cursed -1 dagger
 r - a cursed -2 dagger
 w - a +0 short sword of draining
 I - a +1 short sword of flaming
Missiles
 d - 573 stones (quivered)
 m - 87 arrows
 E - 10 tomahawks
 N - 69 sling bullets
Armour
 B - a +0 robe of positive energy (worn)
 J - a +0 cloak (worn)
Jewellery
 A - an uncursed ring of teleportation
 S - a ring of magical power (left hand)
Magical devices
 b - a wand of lightning (0)
 P - a wand of polymorph (5)
 R - a wand of disintegration (14)
 U - a wand of paralysis (24)
Scrolls
 h - 5 scrolls of remove curse
 l - 8 scrolls of identify
 s - a scroll of teleportation
 t - a scroll of amnesia
 v - 3 scrolls of fog
 y - 2 scrolls of magic mapping
 F - a scroll of enchant weapon
 G - a scroll of fear
Potions
 e - 2 potions of brilliance
 n - 2 potions of curing
 u - a potion of magic
 x - 2 potions of heal wounds
 z - 2 potions of might
 Q - 4 potions of agility
Books
 c - a book of Conjurations

   Spells                             Type                      Level
   *Magic Dart                        Conjuration                  1
   *Searing Ray                       Conjuration                  2
   *Dazzling Spray                    Conjuration/Hexes            3
   *Fulminant Prism                   Conjuration/Hexes            4
   *Iskenderun's Mystic Blast         Conjuration                  4
   Iskenderun's Battlesphere          Conjuration/Charms           5
 W - a Young Poisoner's Handbook

   Spells                             Type                      Level
   *Sting                             Conjuration/Poison           1
   *Cure Poison                       Poison                       2
   *Mephitic Cloud                    Conjuration/Poison/Air       3
   Olgreb's Toxic Radiance            Poison                       4
   Venom Bolt                         Conjuration/Poison           5
Comestibles
 p - 12 royal jellies
 D - 2 bread rations


   Skills:
 + Level 5.8 Dodging
 + Level 6.4 Stealth
 + Level 13.4 Spellcasting
 * Level 11.8 Conjurations
 - Level 5.8 Hexes


You had 12 spell levels left.
You knew the following spells:

 Your Spells              Type           Power        Failure   Level  Hunger
a - Magic Dart            Conj           ####         1%          1    None
b - Blink                 Tloc           N/A          10%         2    None
c - Mephitic Cloud        Conj/Pois/Air  ####....     3%          3    None
d - Dazzling Spray        Conj/Hex       #####...     1%          3    None
m - Iskenderun's Mystic   Conj           ######..     1%          4    None
p - Cure Poison           Pois           ##........   10%         2    None
r - Searing Ray           Conj           ######       1%          2    None
s - Sting                 Conj/Pois      ####         1%          1    None
t - Tukima's Dance        Hex            #####...     1%          3    None
P - Fulminant Prism       Conj/Hex       #####.....   1%          4    None


Dungeon Overview and Level Annotations

Branches:
Dungeon (11/15)            Temple (1/1) D:7            Lair (2/8) D:9
    Orc (0/4) D:9

Altars:
Ashenzari
Cheibriados
Dithmenos
Elyvilon
Fedhas
Gozag
Kikubaaqudgha
Makhleb
Nemelex Xobeh
Okawaru
Qazlal
Ru
Sif Muna
Trog
Vehumet
Xom
Yredelemnul
Zin
The Shining One

Shops:
D:6 }   D:10 }   D:14 :

Portals:
Trove: D:10 (give +3 storm dragon armour)

Annotations:
IceCv exclusion: 2 ice statues


Innate Abilities, Weirdness & Mutations

You are tiny and cannot use many weapons and most armour.
You have supernaturally acute eyesight.
You are a herbivore.
You cover ground extremely quickly.
You need consume almost no food.
You have a pair of small horns on your head.
You are resistant to electric shocks.
You expend magic power (6 MP) to slightly strengthen your wands.


Message History

Aiming: Fulminant Prism
Press: ? - help, Dir - move target cursor You conjure a prism of explosive energy!
Your fulminant prism crackles loudly.
Your fulminant prism explodes!
You hear an explosion!
Really walk into a travel-excluded area?
The ice statue throws cold at you. The bolt of cold hits you!
Ouch! That really hurt!
You start resting.
Magic restored.
You start resting.
You are engulfed in freezing vapours.
* * * LOW HITPOINT WARNING * * *
You are engulfed in freezing vapours.
* * * LOW HITPOINT WARNING * * *
You are engulfed in freezing vapours.
You die...
Your body crumbles into a pile of gold.

## # #### ####.#.##
##..## #### #8......##
##....#####.§####.......#
#.......##..@§##§.......#
#.∩.∩.......#§§§§.......#
#..........###§§§......##
##....##..## ###§......#
##..###### ##.§§§..# ####
8§.§...# #.§§§.# #§§§.#
##..#


There were no monsters in sight!

Vanquished Creatures
  A hill giant (D:10)
  Pikel (D:5)
  3 spiny frogs
  The ghost of Phlounder the Bolt Thrower, an experienced DsWn (D:5)
  A troll (D:9)
  A fire drake (Lair:1)
  Grinder (D:3)
  A two-headed ogre (D:9)
  4 blink frogs (Lair:1)
  34 yaks
  5 wolves (Lair:1)
  Eustachio (D:10)
  A hippogriff (Lair:1)
  A hungry ghost (D:7)
  2 water moccasins
  5 phantoms
  9 orc warriors
  4 sky beasts
  An eye of draining (D:7)
  7 centaurs
  4 slaves (D:5)
  2 black bears
  5 ogres
  4 ice beasts
  Sigmund (D:2)
  4 crocodiles (Lair:1)
  8 giant frogs
  5 scorpions
  A yak zombie (D:9)
  A cyclops skeleton (D:10)
  9 killer bees
  2 goliath beetles
  A quasit (D:8)
  A black bear zombie (D:7)
  A crimson imp (D:10)
  11 orc priests
  5 worker ants
  Crazy Yiuf (D:3)
  7 hounds
  6 jellies
  18 orc wizards
  9 iguanas
  A black bear skeleton (D:7)
  A two-headed ogre skeleton (D:8)
  11 sheep
  Jessica (D:3)
  A mummy (D:6)
  2 hound zombies
  2 worker ant zombies
  7 gnolls
  13 adders
  6 green rats (Lair:1)
  An orc zombie (D:9)
  A scorpion zombie (D:4)
  15 white imps
  2 giant mites
  An orc skeleton (D:5)
  A shadow imp (D:9)
  2 worms
  An iguana skeleton (D:9)
  6 giant geckos
  5 oozes (D:9)
  44 orcs
  5 giant cockroaches
  9 goblins
  13 hobgoblins
  7 jackals
  15 kobolds
  9 quokkas
  2 ball pythons
  21 bats
  5 giant newts
  A giant spore (D:8)
  2 hobgoblin skeletons
  2 kobold skeletons
  14 rats
419 creatures vanquished.

Vanquished Creatures (collateral kills)
  An orc (D:9)
1 creature vanquished.

Vanquished Creatures (others)
  A dancing weapon (D:9)
  13 fulminant prisms
  A white imp (IceCv)
  8 ufetubi (IceCv)
  A fungus (D:10)
24 creatures vanquished.

Grand Total: 444 creatures vanquished

Notes
Turn   | Place    | Note
--------------------------------------------------------------
     0 | D:1      | Hector, the Spriggan Conjurer, began the quest for the Orb.
     0 | D:1      | Reached XP level 1. HP: 9/9 MP: 4/4
   646 | D:1      | Found a glowing golden altar of the Shining One.
   811 | D:2      | Noticed Sigmund
   871 | D:2      | Reached XP level 2. HP: 13/13 MP: 0/7
   977 | D:2      | Learned a level 2 spell: Searing Ray
  1591 | D:2      | Reached XP level 3. HP: 16/16 MP: 9/11
  2483 | D:3      | Reached XP level 4. HP: 21/21 MP: 2/14
  2826 | D:3      | Found an opulent altar of Gozag.
  2827 | D:3      | Found a sparkling altar of Nemelex Xobeh.
  2836 | D:3      | Became a worshipper of Gozag Ym Sagoz the Greedy
  2963 | D:3      | Reached skill level 4 in Conjurations
  3242 | D:3      | Noticed Crazy Yiuf
  3441 | D:3      | Found a radiant altar of Vehumet.
  3475 | D:3      | Noticed Grinder
  3619 | D:3      | Paralysed by Grinder for 3 turns
  3623 | D:3      | Killed Grinder
  3623 | D:3      | Reached skill level 5 in Spellcasting
  3623 | D:3      | Reached XP level 5. HP: 9/24 MP: 0/19
  3623 | D:3      | Reached XP level 6. HP: 10/28 MP: 0/21
  4014 | D:3      | Reached skill level 5 in Conjurations
  4062 | D:3      | Noticed Jessica
  4070 | D:3      | Killed Jessica
  4258 | D:3      | Learned a level 3 spell: Dazzling Spray
  4263 | D:3      | Learned a level 4 spell: Iskenderun's Mystic Blast
  4622 | D:4      | Found a bloodstained altar of Trog.
  4691 | D:4      | Reached XP level 7. HP: 26/32 MP: 5/23
  4826 | D:4      | Reached skill level 1 in Hexes
  5078 | D:4      | Reached skill level 6 in Spellcasting
  5667 | D:3      | Killed Crazy Yiuf
  6182 | D:2      | Killed Sigmund
  6240 | D:5      | Entered Level 5 of the Dungeon
  6431 | D:5      | Found a stormy altar of Qazlal.
  6464 | D:5      | Reached XP level 8. HP: 20/36 MP: 10/25
  6830 | D:5      | Noticed Phlounder's ghost (experienced DsWn)
  6864 | D:5      | Reached skill level 7 in Spellcasting
  7115 | D:5      | Found a glowing silver altar of Zin.
  7118 | D:5      | Found a basalt altar of Yredelemnul.
  7121 | D:5      | Found a glowing golden altar of the Shining One.
  7627 | D:5      | Noticed Pikel
  7900 | D:5      | Killed Phlounder's ghost
  8128 | D:5      | Reached skill level 8 in Spellcasting
  8995 | D:6      | Reached XP level 9. HP: 35/39 MP: 25/29
  9699 | D:6      | Found Byatinae's Gadget Boutique.
  9827 | D:7      | Found a staircase to the Ecumenical Temple.
  9839 | Temple   | Entered the Ecumenical Temple
 10349 | D:7      | Reached skill level 9 in Spellcasting
 11265 | D:6      | HP: 1/39 [poisoned by a killer bee]
 12960 | D:8      | Reached skill level 10 in Spellcasting
 13751 | D:8      | Reached XP level 10. HP: 36/44 MP: 22/31
 13957 | D:8      | Learned a level 2 spell: Blink
 13959 | D:8      | Learned a level 1 spell: Summon Butterflies
 14478 | Temple   | Gained mutation: You have a pair of small horns on your head. [potion of mutation]
 14478 | Temple   | Gained mutation: You are resistant to electric shocks. [potion of mutation]
 14478 | Temple   | Gained mutation: You expend magic power (6 MP) to slightly strengthen your wands. [potion of mutation]
 14498 | Temple   | Learned a level 3 spell: Tukima's Dance
 14501 | Temple   | Learned a level 1 spell: Sting
 15679 | D:9      | Reached skill level 5 in Dodging
 16408 | D:8      | Upgraded the game from 0.16-a0-1986-g919575a to 0.16-a0-2016-gaa1c49c
 16567 | D:9      | Found a staircase to the Lair.
 17208 | D:9      | Reached skill level 11 in Spellcasting
 17208 | D:9      | Reached skill level 5 in Hexes
 17573 | D:9      | Reached skill level 5 in Stealth
 17953 | D:9      | Reached skill level 10 in Conjurations
 18212 | D:9      | Reached XP level 11. HP: 47/47 MP: 11/33
 19400 | D:9      | Found a staircase to the Orcish Mines.
 19679 | Temple   | Learned a level 2 spell: Cure Poison
 19683 | Temple   | Learned a level 3 spell: Mephitic Cloud
 19964 | D:5      | Killed Pikel
 20305 | D:10     | Entered Level 10 of the Dungeon
 20409 | D:10     | Noticed Eustachio
 20416 | D:10     | Killed Eustachio
 20537 | D:10     | Reached skill level 12 in Spellcasting
 20558 | D:10     | Found a portal to a secret trove of treasure.
 20639 | D:10     | Found an opulent altar of Gozag.
 21225 | D:10     | Noticed a hill giant
 21240 | D:10     | Killed a hill giant
 21446 | D:10     | Found Reunarae's Gadget Boutique.
 22428 | D:11     | Noticed a hill giant
 22548 | Lair:1   | Entered Level 1 of the Lair of Beasts
 22928 | Lair:1   | Found a glowing golden altar of the Shining One.
 23666 | Lair:1   | Reached skill level 13 in Spellcasting
 24210 | Lair:1   | Reached XP level 12. HP: 51/51 MP: 20/35
 25083 | Temple   | Learned a level 4 spell: Fulminant Prism
 25203 | Lair:2   | Found a frozen archway.
 25224 | IceCv    | Entered an ice cave
 25511 | IceCv    | Engulfed by a cloud of freezing vapour

Action                   |  1- 3 |  4- 6 |  7- 9 | 10-12 || total
-------------------------+-------+-------+-------+-------++-------
Melee: Dagger            |     4 |       |       |       ||     4
       Short sword       |       |     2 |       |       ||     2
       Quarterstaff      |       |       |    58 |    75 ||   133
 Cast: Magic Dart        |    85 |   132 |   499 |   352 ||  1068
       Searing Ray       |       |     5 |    20 |     9 ||    34
       Dazzling Spray    |       |     1 |    66 |   183 ||   250
       Iskenderun's Myst |       |       |    13 |    28 ||    41
       Sting             |       |       |       |   317 ||   317
       Blink             |       |       |       |     5 ||     5
       Mephitic Cloud    |       |       |       |    25 ||    25
       Tukima's Dance    |       |       |       |    11 ||    11
       Cure Poison       |       |       |       |     1 ||     1
       Fulminant Prism   |       |       |       |    13 ||    13
Invok: Potion Petition   |       |       |     2 |       ||     2
       Call Merchant     |       |       |       |     1 ||     1
  Use: Scroll            |       |     3 |     1 |    10 ||    14
       Potion            |       |     1 |     3 |    10 ||    14
 Stab: Invisible         |       |       |     5 |     7 ||    12
       Confused          |       |       |       |     4 ||     4
  Eat: Bread ration      |       |       |       |     2 ||     2
       Pizza             |       |       |       |     1 ||     1
